 Dungeon Crawl Stone Soup version 0.28.0-47-ge53b351184 (webtiles) character file.

Game seed: 17585124926226574057

103 hawla the Changer (level 4, -1/19 HPs)
             Began as a Felid Transmuter on May 3, 2022.
             Killed by nerve-wracking pain
             ... invoked by Menkaure
              (13 damage)
             ... on level 4 of the Dungeon.
             The game lasted 00:09:36 (4059 turns).

hawla the Changer (Felid Transmuter)                Turns: 4059, Time: 00:09:38

Health: -1/19      AC:  2    Str:  6    XL:     4   Next: 51%
Magic:  4/8        EV: 21    Int: 16    God:
Gold:   96         SH:  0    Dex: 21    Spells: 1/7 levels left
                                        Lives:  0   Deaths: 1

rFire   . . .      SeeInvis +     - Unarmed
rCold   . . .      Faith    .   (shield unavailable)
rNeg    . . .      Spirit   .   (armour unavailable)
rPois   x          Reflect  .   (helmet unavailable)
rElec   .          Harm     .   (cloak unavailable)
rCorr   .          Rampage  .   (gloves unavailable)
Will    .....                   (boots unavailable)
Stlth   ++........              (no amulet)
HPRegen 0.06/turn               (no ring)
MPRegen 0.11/turn               (no ring)

@: about to teleport, spider-form (expiring), wereblooded
A: venomous fangs, tiny, (claws 1), (fangs 3), see invisible, (speed 1), (shaggy
fur 1), (stealthy paws), no weapons or thrown items, no armour, multi-lived
a: End Transformation


You were on level 4 of the Dungeon.
You were a venomous arachnid creature.
You visited 1 branch of the dungeon, and saw 4 of its levels.

You collected 96 gold pieces.

Inventory:

Jewellery
 a - an amulet of guardian spirit
Scrolls
 d - a scroll of enchant weapon {unknown}
Potions
 b - a potion of lignification {unknown}
 f - 3 potions of brilliance {unknown}
 g - a potion of flight {unknown}
 h - a potion of curing {unknown}


   Skills:
 + Level 1.5 Fighting
 - Level 3.0 Dodging
 - Level 0.1 Stealth
 - Level 3.4 Unarmed Combat
 - Level 2.1 Spellcasting
 + Level 5.2 Transmutations
 + Level 0.5 Poison Magic


You had one spell level left.
You knew the following spells:

 Your Spells              Type           Power      Damage    Failure   Level
a - Beastly Appendage     Tmut           36%        N/A       9%          1
b - Wereblood             Tmut           18%        N/A       12%         2
c - Spider Form           Tmut/Pois      10%        N/A       38%         3

Your spell library contained the following spells:

 Spells                   Type           Power      Damage    Failure   Level
 Ice Form                 Ice/Tmut       10%        N/A       77%         4


Dungeon Overview and Level Annotations

Branches:
Dungeon (4/15)
 Temple: D:4-7

Altars:

Shops:
D:1 (

Annotations:
D:4 Menkaure


Innate Abilities, Weirdness & Mutations

You are a venomous arachnid creature.
You have poisonous fangs.
You are tiny and dextrous.
Your spellcasting is less reliable in this form.
((You have sharp claws.))
((You have razor-sharp teeth.))
You have supernaturally acute eyesight. (SInv)
((You cover ground quickly. (Speed+)))
((You are covered in fur. (AC +1)))
((Your paws help you pounce on unaware monsters.))
You are incapable of wielding weapons or throwing items.
You cannot wear armour.
You gain extra lives every three experience levels.


Message History

The jackal barely misses you.
The giant cockroach bites you but does no damage.
The jackal barely misses you.
You hit the giant cockroach.
The giant cockroach is poisoned.
The giant cockroach is heavily wounded.
The jackal bites you. The jackal completely misses you.
The giant cockroach completely misses you.
The jackal misses you. The jackal closely misses you. x2
You hit the giant cockroach but do no damage.
The giant cockroach looks as sick as possible!
The giant cockroach is severely wounded.
You feel a bit better.
You kill the giant cockroach!
The jackal closely misses you. The jackal barely misses you.
The jackal completely misses you.
Menkaure points at you and mumbles some strange words.
Pain shoots through your body!
As you read the scroll of teleportation, it crumbles to dust.
You feel strangely unstable. The jackal closely misses you.
The jackal completely misses you. The jackal misses you.
Menkaure hums, "From dust you came, to dust you will return."
The jackal barely misses you.
Your transformation is almost over.
The jackal completely misses you. The jackal misses you.
The jackal closely misses you.
You see here a giant cockroach corpse.
You closely miss the jackal. The jackal misses you. The jackal bites you.
The jackal completely misses you.
You hit the jackal.
The jackal is poisoned.
The jackal is almost dead.
The jackal barely misses you. The jackal closely misses you.
The jackal misses you. x2
You barely miss the jackal.
The jackal is severely wounded.
The jackal bites you. The jackal barely misses you. The jackal misses you.
The jackal completely misses you. x2
Menkaure casts a spell at you. Pain shoots through your body!
Ouch! That really hurt!
You die...

#.##.#####
#........##
#.........##
...........#
...........#
...........#
#.........##
#....#.hhh.####
#.## ###s.....#
# #.M..!.#
#......#
#!?<...#
#......#
#).....#
......##
......#


You could see Menkaure and 3 jackals.

Vanquished Creatures
  Jessica (D:3)
  4 gnolls (D:3)
  4 adders
  2 dart slugs
  An orc (D:3)
  7 ball pythons
  3 bats
  6 endoplasms
  2 giant cockroaches
  9 goblins
  5 hobgoblins
  3 quokkas (D:1)
  2 frilled lizards
  9 kobolds
  8 rats
66 creatures vanquished.

Notes
Turn   | Place    | Note
-------+----------+-------------------------------------------
     0 | D:1      | hawla the Felid Transmuter began the quest for the Orb.
     0 | D:1      | Reached XP level 1. HP: 9/9 MP: 4/4
    71 | D:1      | Found Rautwill's Antique Weapon Emporium.
   494 | D:1      | Reached XP level 2. HP: 7/12 MP: 3/6
   497 | D:1      | Learned a level 2 spell: Wereblood
  1001 | D:1      | Found a faded altar of an unknown god.
  1799 | D:1      | Reached skill level 3 in Transmutations
  2159 | D:2      | Reached XP level 3. HP: 15/15 MP: 3/7
  2625 | D:2      | Learned a level 3 spell: Spider Form
  3007 | D:2      | Reached skill level 4 in Transmutations
  3007 | D:2      | Reached XP level 4. HP: 16/19 MP: 8/8
  3524 | D:3      | Noticed Jessica
  3657 | D:3      | Killed Jessica
  3815 | D:3      | Slain by a gnoll
  3816 | D:3      | Reached XP level 3. HP: -1/15 MP: 4/7
  3820 | D:3      | Reached XP level 4. HP: 19/19 MP: 8/8
  3825 | D:3      | Reached skill level 5 in Transmutations
  4043 | D:3      | You fall into a shaft and drop 1 floor!
  4050 | D:4      | Noticed Menkaure
  4059 | D:4      | Killed from afar by Menkaure

Illustrated notes

Levels and vault maps discovered:
D:1:      dpeg_arrival_short_road, layout_loops_ring, serial_shops, shop,
          hellmonk_ecumenical_altar_zigzags, minivault_11
D:2:      layout_basic
D:3:      layout_basic, uniq_jessica
D:4:      layout_rooms, led_sif_book, serial_shops, shop,
          minmay_misc_feat_roman, uniq_menkaure

Skill      XL: |  1  2  3  4 |
---------------+-------------+-----
Transmutations | 3 4 5 |  5.2
Dodging        | 3 |  3.0
Fighting       | |  1.5
Stealth        | |  0.1
Unarmed Combat | |  3.4
Spellcasting   | |  2.1
Poison Magic   | |  0.5

Action                   |  1- 3 |  4- 6 || total
-------------------------+-------+-------++-------
Melee: Unarmed           |   115 |    61 ||   176
       Headbutt          |     7 |       ||     7
       Bite              |     9 |     2 ||    11
 Cast: Beastly Appendage |    18 |     1 ||    19
       Wereblood         |     8 |     2 ||    10
       Spider Form       |     2 |     7 ||     9
  Use: Potion            |     1 |       ||     1
       Scroll            |       |     6 ||     6
 Stab: Sleeping          |     5 |     1 ||     6
Armor: Skin              |     6 |     3 ||     9
Dodge: Dodged            |    87 |   100 ||   187
